 Dungeon Crawl Stone Soup version 0.22.1-2-g9c5b331383 (webtiles) character file.

3369 Beodren the Basher (level 9, -1/79 HPs)
             Began as a Minotaur Fighter on Jan 1, 2019.
             Was a Believer of the Shining One.
             Slain by a rust devil (4 damage)
             ... on level 7 of the Dungeon.
             The game lasted 00:18:51 (5976 turns).

Beodren the Basher (Minotaur Fighter)               Turns: 5976, Time: 00:18:52

Health: -1/79      AC: -20   Str: 22    XL:     9   Next: 73%
Magic:  8/11       EV:  6    Int:  5    God:    the Shining One [**....]
Gold:   273        SH: 19    Dex: 12    Spells: 8/8 levels left

rFire    . . .     SeeInvis .   w - +1 flail (protect)
rCold    . . .     Gourm    .   c - +0 shield
rNeg     + . .     Faith    .   p - +0 plate armour
rPois    .         Spirit   .   (helmet restricted)
rElec    .         Reflect  .   r - +2 cloak {MR+}
rCorr    .         Harm     .   (no gloves)
MR       +....                  (no boots)
Stlth    ..........             (no amulet)
HPRegen  0.23/turn              u - ring of flight
MPRegen  0.12/turn              (no ring)

@: divine shield, corroded, protection aura, glowing
A: retaliatory headbutt, horns 2
a: Divine Shield, Renounce Religion, Evoke Flight


You were on level 7 of the Dungeon.
You worshipped the Shining One.
The Shining One was pleased with you.
You were not hungry.

You visited 1 branch of the dungeon, and saw 7 of its levels.

You collected 273 gold pieces.

Inventory:

Hand Weapons
 a - a +0 flail
 w - a +1 flail of protection (weapon)
Armour
 b - a +0 scale mail
 c - a +0 shield (worn)
 p - a +0 plate armour (worn)
 r - a +2 cloak of magic resistance (worn)
Jewellery
 u - a ring of flight (left hand)
Wands
 v - a wand of flame (19)
 C - a wand of acid (10)
Scrolls
 e - 6 scrolls of identify {unknown}
 g - a scroll of magic mapping {unknown}
 h - 5 scrolls of teleportation {unknown}
 i - 2 scrolls of random uselessness {unknown}
 l - 2 scrolls of enchant weapon {unknown}
 m - 4 scrolls of remove curse {unknown}
 s - a scroll of enchant armour {unknown}
 x - 2 scrolls of blinking {unknown}
 y - 2 scrolls of fear {unknown}
 A - a scroll of brand weapon {unknown}
Potions
 d - 3 potions of flight {unknown}
 j - a potion of invisibility {unknown}
 k - 3 potions of mutation {unknown}
 n - a potion of heal wounds {unknown}
 o - a potion of curing {unknown}
 q - a potion of brilliance {unknown}
 t - a potion of ambrosia {unknown}
 z - a potion of degeneration {unknown}
Comestibles
 f - 10 rations


   Skills:
 + Level 7.6 Fighting
 + Level 10.3 Maces & Flails
 + Level 6.8 Armour
 + Level 1.4 Dodging
 + Level 8.2 Shields
 * Level 5.0 Invocations


You had 8 spell levels left.
You didn't know any spells.
Your spell library was empty.

Dungeon Overview and Level Annotations

Branches:
Dungeon (7/15)             Temple (0/1) D:6

Altars:
Ashenzari
Cheibriados
Elyvilon
Fedhas
Hepliaklqana
Makhleb
Nemelex Xobeh
Ru
Sif Muna
Trog
Vehumet
Xom
The Shining One

Shops:
D:5 %


Innate Abilities, Weirdness & Mutations

You reflexively headbutt those who attack you in melee.
You have a pair of horns on your head.


Message History

You hit the rust devil but do no damage.
You headbutt the rust devil, but do no damage.
The rust devil is heavily wounded.
You block the rust devil's attack.
You hit the rust devil but do no damage.
You headbutt the rust devil, but do no damage.
The rust devil is heavily wounded.
You hit the rust devil but do no damage.
The rust devil is heavily wounded.
The rust devil hits you.
* * * LOW HITPOINT WARNING * * *
The rust devil corrodes you!
You hit the rust devil but do no damage.
The rust devil is heavily wounded.
The rust devil hits you.
* * * LOW HITPOINT WARNING * * *
The rust devil corrodes you!
Your shield is strengthened by the Shining One's divine power.
You feel slightly more hungry. The rust devil hits you.
You die...

## #.##.##.....##..# ##.##.# .#
#.##.####.####..# #.##.#
.###..#........)...# #....#
...##.##.......##..## #.†.###
.#..#..#####..###...#### ##....#
.##.##..####.## ###....#####.##..
.....##...##..########.........#.
###....##.###...4.<# ######.##...
##...##.# #...@..# #..###..
##..##.# #......# #.###...
##..#.###......# #..##.#.
#.............# #.###.#.
##..###.......# #.....#. #
##..###<.....# #..####. # ####..#
##.)...# #..# #. # #.....##
#.....# #..# #.
#####.._...###.....#######..# ##


You could see a rust devil.

Vanquished Creatures
  The ghost of Skull the Shield-Bearer, a novice GrFi (D:6)
  Grinder (D:3)
  A hornet (D:7)
  A spriggan (D:7)
  Edmund (D:6)
  An ice beast (D:5)
  Duvessa (D:7)
  3 orc warriors (D:7)
  A sky beast (D:7)
  4 ogres
  3 centaurs (D:6)
  A phantom (D:7)
  A crocodile (D:7)
  2 bullfrogs
  A gnoll sergeant (D:5)
  Dowan (D:7)
  A howler monkey (D:6)
  A centaur zombie (D:5)
  5 orc priests
  4 hounds
  Crazy Yiuf (D:3)
  An iguana (D:7)
  8 orc wizards
  4 gnolls (D:5)
  4 adders
  2 shadow imps (D:5)
  2 oozes
  2 adder skeletons
  An adder zombie (D:7)
  A worm (D:6)
  2 dart slugs (D:2)
  7 leopard geckos
  25 orcs
  5 giant cockroaches
  9 goblins
  3 hobgoblins (D:2)
  13 jackals
  3 quokkas
  A ball python (D:2)
  4 bats
  5 frilled lizards
  7 kobolds
  3 leopard gecko skeletons
  6 rats
  A bush (D:6)
155 creatures vanquished.

Notes
Turn   | Place    | Note
-------+----------+-------------------------------------------
     0 | D:1      | Beodren the Minotaur Fighter began the quest for the Orb.
     0 | D:1      | Reached XP level 1. HP: 19/19 MP: 0/0
   250 | D:1      | Reached XP level 2. HP: 27/27 MP: 1/1
   829 | D:2      | Found a burning altar of Makhleb.
   836 | D:2      | Reached skill level 3 in Maces & Flails
   836 | D:2      | Reached XP level 3. HP: 28/33 MP: 2/2
   918 | D:2      | Found a white marble altar of Elyvilon.
   959 | D:2      | Became a worshipper of Elyvilon the Healer
  1023 | D:2      | Reached XP level 4. HP: 40/40 MP: 3/3
  1570 | D:3      | Noticed Grinder
  1583 | D:3      | Killed Grinder
  1583 | D:3      | Reached skill level 5 in Maces & Flails
  1583 | D:3      | Reached skill level 1 in Dodging
  1583 | D:3      | Reached XP level 5. HP: 11/47 MP: 4/4
  1583 | D:3      | Reached XP level 6. HP: 12/53 MP: 5/5
  1874 | D:3      | Reached skill level 5 in Shields
  1985 | D:3      | Found a faded altar of an unknown god.
  2008 | D:3      | Reached * piety under Elyvilon
  2235 | D:3      | Found a runed door.
  2239 | D:3      | Noticed Crazy Yiuf
  2246 | D:3      | Killed Crazy Yiuf
  2666 | D:4      | Reached skill level 5 in Armour
  2887 | D:4      | Reached ** piety under Elyvilon
  3251 | D:4      | Found a deep blue altar of Sif Muna.
  3268 | D:4      | Reached skill level 5 in Fighting
  3373 | D:5      | Entered Level 5 of the Dungeon
  3446 | D:5      | Reached skill level 6 in Maces & Flails
  3446 | D:5      | Reached XP level 7. HP: 33/61 MP: 6/6
  3461 | D:5      | Reached skill level 1 in Invocations
  3738 | D:5      | Reached skill level 7 in Maces & Flails
  3750 | D:5      | Reached XP level 8. HP: 42/69 MP: 8/8
  3852 | D:5      | Found a snail-covered altar of Cheibriados.
  3887 | D:5      | Found Zyesiymu's Food Boutique.
  3928 | D:5      | Reached *** piety under Elyvilon
  4251 | D:6      | Found a radiant altar of Vehumet.
  4251 | D:6      | Found a hazy altar of Hepliaklqana.
  4251 | D:6      | Found a glowing golden altar of the Shining One.
  4357 | D:6      | Found a runed gate.
  4358 | D:6      | Found a runed gate.
  4358 | D:6      | Found a runed gate.
  4361 | D:6      | Noticed Skull's ghost (novice GrFi)
  4388 | D:6      | Killed Skull's ghost
  4388 | D:6      | Reached skill level 8 in Maces & Flails
  4590 | D:6      | Fell from the grace of Elyvilon
  4590 | D:6      | Became a worshipper of the Shining One
  4590 | D:6      | Reached * piety under the Shining One
  4730 | D:6      | Noticed Edmund
  4743 | D:6      | Killed Edmund
  4820 | D:6      | Found a sparkling altar of Nemelex Xobeh.
  4831 | D:6      | Found a shattered altar of Ashenzari.
  4880 | D:6      | Reached skill level 9 in Maces & Flails
  4893 | D:6      | Reached XP level 9. HP: 78/78 MP: 10/10
  4904 | D:6      | Found a staircase to the Ecumenical Temple.
  5122 | D:7      | Found a bloodstained altar of Trog.
  5123 | D:7      | Found a sacrificial altar of Ru.
  5124 | D:7      | Found a shimmering altar of Xom.
  5176 | D:7      | Reached ** piety under the Shining One
  5405 | D:7      | Found a blossoming altar of Fedhas.
  5405 | D:7      | Noticed Duvessa
  5405 | D:7      | Noticed Dowan
  5412 | D:7      | Killed Duvessa
  5419 | D:7      | Killed Dowan
  5464 | D:7      | Reached skill level 10 in Maces & Flails
  5548 | D:7      | Found a sparkling altar of Nemelex Xobeh.
  5793 | D:7      | Reached skill level 5 in Invocations
  5926 | D:6      | Noticed a rust devil
  5926 | D:6      | Noticed a rust devil
  5975 | D:7      | HP: 3/79 [rust devil (3)]
  5976 | D:7      | Slain by a rust devil

Skill      XL: |  1  2  3  4  5  6  7  8  9 |
---------------+----------------------------+-----
Shields        | 4 5 6 7 8 |  8.2
Fighting       | 4 5 6 7 |  7.6
Maces & Flails | 3 5 6 7 9 10 | 10.3
Armour         | 4 5 6 |  6.8
Dodging        | 1 |  1.4
Invocations    | 2 3 5 |  5.0

Action                   |  1- 3 |  4- 6 |  7- 9 || total
-------------------------+-------+-------+-------++-------
Melee: Flail             |    87 |   145 |   336 ||   568
       Headbutt          |     9 |    26 |    66 ||   101
Invok: Divine Shield     |       |       |     1 ||     1
Evoke: Wand              |       |     3 |     2 ||     5
  Use: Potion            |       |       |     1 ||     1
  Eat: Ration            |       |     2 |     2 ||     4
       Chunk             |       |     1 |     2 ||     3
Armor: Scale mail        |    38 |     1 |       ||    39
       Plate armour      |       |    73 |   149 ||   222
Dodge: Dodged            |    33 |    21 |    54 ||   108
Block: Shield            |    55 |    66 |   168 ||   289
